 Dungeon Crawl Stone Soup version 0.27-a0-380-g150de4c316 (webtiles) character file.

Game seed: 1267092571760640477

364 dickylongcocking the Chopper (level 6, -3/56 HPs)
             Began as a Deep Dwarf Delver on Feb 18, 2021.
             Was a Priest of Makhleb.
             Slain by a worm (8 damage)
             ... on level 3 of the Dungeon.
             The game lasted 00:05:43 (3279 turns).

dickylongcocking the Chopper (Deep Dwarf Delver)    Turns: 3279, Time: 00:05:43

Health: -3/56      AC:  5    Str: 18    XL:     6   Next: 39%
Magic:  6/6        EV:  8    Int: 10    God:    Makhleb [***...]
Gold:   236        SH:  8    Dex: 14    Spells: 5/5 levels left

rFire    + . .     SeeInvis .   a - +1 hand axe
rCold    + . .     Faith    +   n - +0 kite shield {rC+ rF+}
rNeg     . . .     Spirit   .   f - +0 ring mail
rPois    +         Reflect  .   (no helmet)
rElec    .         Harm     .   (no cloak)
rCorr    .         Rampage  .   (no gloves)
Will     .....                  (no boots)
Stlth    ++........             d - amulet of faith
HPRegen  0.00/turn              e - ring of poison resistance
MPRegen  0.10/turn              (no ring)

@: non-regenerating
A: damage resistance, heal wounds, sense surroundings 1, no regeneration
a: Heal Wounds, Renounce Religion, Minor Destruction, Lesser Servant of Makhleb


You were on level 3 of the Dungeon.
You worshipped Makhleb.
Makhleb was most pleased with you.
You visited 2 branches of the dungeon, and saw 6 of its levels.

You collected 236 gold pieces.

Inventory:

Hand Weapons
 a - a +1 hand axe (weapon)
Armour
 b - a +0 leather armour
 f - a +0 ring mail (worn)
 j - a +0 chain mail
 n - a +0 kite shield of resistance (worn)
Jewellery
 d - an amulet of faith (around neck)
 e - a ring of poison resistance (left hand)
 l - an amulet of magic regeneration {unknown}
Wands
 g - a wand of digging (1)
 i - a wand of paralysis (7)
Scrolls
 c - 4 scrolls of fog
 h - 2 scrolls of teleportation
 o - 2 scrolls of identify
 p - a scroll of amnesia {unknown}
Potions
 k - a potion of curing
 m - a potion of haste


   Skills:
 * Level 3.4 Fighting
 * Level 6.4 Axes
 * Level 2.2 Armour
 - Level 2.1 Dodging
 - Level 6.0 Stealth
 * Level 1.1 Shields


You had 5 spell levels left.
You didn't know any spells.
Your spell library was empty.

Dungeon Overview and Level Annotations

Branches:
Dungeon (5/15)             Temple (1/1) D:4

Altars:
Ashenzari
Cheibriados
Dithmenos
Fedhas
Gozag
Hepliaklqana
Kikubaaqudgha
Makhleb
Nemelex Xobeh
Qazlal
Trog
Uskayaw
Vehumet
Wu Jian
Xom
Yredelemnul
Zin
The Shining One


Innate Abilities, Weirdness & Mutations

You are resistant to damage.
You can heal yourself by infusing magical energy.
You passively map a small area around you.
You do not regenerate.


Message History

You see here a jackal corpse.
A hobgoblin comes into view. It is wielding a +0 club.
A hobgoblin is nearby!
A hobgoblin is nearby!
A hobgoblin is nearby!
The hobgoblin shouts!
You are too injured to fight recklessly!
You hit the hobgoblin.
The hobgoblin is heavily wounded.
The hobgoblin hits you but does no damage.
You are too injured to fight recklessly!
You hit the hobgoblin but do no damage.
The hobgoblin is heavily wounded.
The hobgoblin hits you but does no damage.
You block the hobgoblin's attack.
You are too injured to fight recklessly!
You hit the hobgoblin.
You kill the hobgoblin!
Makhleb accepts your kill.
You feel better.
You are too injured to fight recklessly!
Things that are here:
a +0 club; a hobgoblin corpse A worm comes into view.
A worm is nearby!
You are too injured to fight recklessly!
A worm is nearby!
You are too injured to fight recklessly!
A worm is nearby!
You are too injured to fight recklessly!
The worm barely misses you.
You hit the worm but do no damage. You barely miss the worm.
The worm bites you!
* * * LOW HITPOINT WARNING * * *
You hit the worm.
The worm is lightly wounded.
You hit the worm.
The worm is lightly wounded.
The worm bites you!
You die...

#..# #†# #..# #.#
######## #..# #.#
.......# ##..#### *
#.#
.....#.####...... ,
, #.#
#.#..........#.# **
#.#.#
#.#............#
#.#.#
#.#.##>##......####
#.#.#
#..............w@.#
#.#.#
....##.##......##.#
#.#.#
###.##.##......##.#
#.#.#######
#....<..#..#.##.#
##.#........
###.##.####.##.##)#
##...########
....#...# #.#
##.###.#.#.##
####...#.# .#,
#.##.##.##.######
#..#.##* *
#...............#
#.#.## *,
####.##.##.####.#


You could see a worm.

Vanquished Creatures
  A phantom (D:4)
  Blork the orc (D:4)
  A worker ant (D:3)
  Natasha (D:3)
  7 adders
  3 worms
  6 dart slugs
  2 leopard geckos
  2 orcs (D:3)
  3 giant cockroaches
  6 goblins
  8 hobgoblins
  15 jackals
  7 kobolds
  2 quokkas (D:2)
  7 bats
  7 frilled lizards
  5 rats
84 creatures vanquished.

Notes
Turn   | Place    | Note
-------+----------+-------------------------------------------
     0 | D:5      | dickylongcocking the Deep Dwarf Delver began the quest for
                  | the Orb.
     0 | D:5      | Reached XP level 1. HP: 20/20 MP: 1/1
    82 | D:5      | Noticed a phantom
    90 | D:5      | Noticed an ogre
   131 | D:4      | Killed a phantom
   132 | D:4      | Reached XP level 2. HP: 12/27 MP: 2/2
   132 | D:4      | Reached XP level 3. HP: 14/33 MP: 3/3
   132 | D:4      | Reached XP level 4. HP: 18/40 MP: 4/4
   399 | D:4      | Found a hide-covered altar of Uskayaw.
   403 | D:4      | Found an opulent altar of Gozag.
   408 | D:4      | Found a shadowy altar of Dithmenos.
   432 | D:4      | Found a staircase to the Ecumenical Temple.
   437 | D:4      | Noticed Blork the orc
   443 | Temple   | Entered the Ecumenical Temple
   587 | Temple   | Became a worshipper of Makhleb the Destroyer
   722 | D:4      | Killed Blork the orc
   723 | D:4      | Reached skill level 5 in Axes
   723 | D:4      | Reached XP level 5. HP: 19/46 MP: 5/5
  1406 | D:2      | HP: 1/46 [adder (2)]
  1543 | D:1      | Reached * piety under Makhleb
  1592 | D:1      | Reached skill level 1 in Armour
  2155 | D:2      | HP: 1/48 [dart slug/slug dart (3)]
  2281 | D:2      | HP: 2/49 [jackal (2)]
  2307 | D:2      | Found a snail-covered altar of Cheibriados.
  2322 | D:2      | Reached ** piety under Makhleb
  2498 | D:2      | HP: 2/49 [kobold (1)]
  2867 | D:3      | Reached XP level 6. HP: 8/56 MP: 6/6
  2910 | D:3      | Noticed Natasha
  2923 | D:3      | Killed Natasha
  3051 | D:3      | Reached skill level 1 in Shields
  3152 | D:3      | Reached *** piety under Makhleb
  3279 | D:3      | Slain by a worm

Illustrated notes

Levels and vault maps discovered:
D:1:      psy_arrival_fountain, layout_basic
D:2:      layout_basic, kennysheep_slug_shrine
D:3:      layout_loops_ring, lemuel_doored_altar, uniq_natasha
D:4:      layout_cave_pools, minmay_overflow_temple_star_quad,
          kennysheep_okawaru_gauntlet, minmay_temple_entry_large_hall,
          gammafunk_ghost_abyssal_escape, uniq_blork_the_orc, uniq_pikel,
          uniq_robin, uniq_edmund
D:5:      layout_loops_ring, uniq_prince_ribbit1, uniq_menkaure, uniq_duvessa
Temple:   regret_index_temple_generic_petals

Skill      XL: |  1  2  3  4  5  6 |
---------------+-------------------+-----
Axes           | 4 5 6 |  6.4
Armour         | 1 2 |  2.2
Fighting       | 3 |  3.4
Shields        | 1 |  1.1
Dodging        | |  2.1
Stealth        | |  6.0

Action                   |  1- 3 |  4- 6 || total
-------------------------+-------+-------++-------
Melee: Unarmed           |    10 |       ||    10
       Hand axe          |     8 |   314 ||   322
 Abil: Heal Wounds       |       |     1 ||     1
Evoke: Wand              |       |     6 ||     6
  Use: Potion            |     1 |     5 ||     6
       Scroll            |     1 |     4 ||     5
 Stab: Paralysed         |       |    11 ||    11
       Sleeping          |       |     5 ||     5
Armor: Skin              |    12 |       ||    12
       Chain mail        |     5 |    66 ||    71
       Ring mail         |       |    74 ||    74
Dodge: Dodged            |     2 |   160 ||   162
Block: Kite shield       |       |    49 ||    49

Table legend: (Time is in decaauts)
 A = Elapsed time spent in this place.
 B = Non-inter-level travel time spent in this place.
 C = Inter-level travel time spent in this place.
 D = Time resting spent in this place.
 E = Time spent auto-exploring this place.
 F = Levels seen in this place.
 G = Mean time per level.
                   A        B        C        D        E       F      G
               +--------+--------+--------+--------+--------+-----+--------+
         Total |   3305 |   3183 |    122 |    785 |   1430 |   6 |  550.8 |
       Dungeon |   2814 |   2751 |     63 |    565 |   1236 |   5 |  562.8 |
        Temple |    491 |    432 |     59 |    220 |    194 |   1 |  491.0 |
               +--------+--------+--------+--------+--------+-----+--------+

Top non-repeatable levels by time:
     D:2: 1098 daAuts
     D:1: 660 daAuts
     D:3: 530 daAuts
  Temple: 491 daAuts
     D:4: 412 daAuts
     D:5: 111 daAuts
